 Dungeon Crawl Stone Soup version 0.29-a0-369-gd956c00756 (webtiles) character file.

Game seed: 6382485436425549459

51 lesaewzxc the Vexing (level 4, -3/22 HPs)
             Began as a Kobold Arcane Marksman on May 1, 2022.
             Was a Follower of Hepliaklqana.
             Slain by a gnoll
             ... wielding a +0 whip
              (6 damage)
             ... on level 3 of the Dungeon.
             The game lasted 00:14:16 (1765 turns).

lesaewzxc the Vexing (Kobold Arcane Marksman)       Turns: 1765, Time: 00:14:32

Health: -3/22      AC:  5    Str:  9    XL:     4   Next: 7%
Magic:  6/6        EV: 13    Int: 14    God:    Hepliaklqana [*.....]
Gold:   123        SH:  0    Dex: 15    Spells: 2/6 levels left

rFire   . . .      SeeInvis .   a - +0 hand crossbow
rCold   . . .      Faith    .   (no shield)
rNeg    . . .      Spirit   .   i - +0 ring mail
rPois   .          Reflect  .   (no helmet)
rElec   .          Harm     .   (no cloak)
rCorr   .          Rampage  .   (no gloves)
Will    .....                   (no boots)
Stlth   ++........              (no amulet)
HPRegen 0.07/turn               (no ring)
MPRegen 0.10/turn               (no ring)

@: no status effects
A: reduced essence, small, no large weapons, nightstalker 3
a: Renounce Religion, Recall Ancestor, Ancestor Identity


You were on level 3 of the Dungeon.
You worshipped Hepliaklqana.
Hepliaklqana was aware of your devotion.
You visited 1 branch of the dungeon, and saw 3 of its levels.

You collected 123 gold pieces.

Inventory:

Hand Weapons
 a - a +0 hand crossbow (weapon)
Missiles
 f - 35 stones
 g - 4 poisoned darts (quivered)
Armour
 b - a +0 robe
 e - a +0 leather armour
 i - a +0 ring mail (worn)
Scrolls
 c - a scroll of vulnerability
 h - a scroll of magic mapping
 j - a scroll of blinking {unknown}
 k - a scroll of identify {unknown}
Potions
 d - 2 potions of heal wounds {unknown}


   Skills:
 * Level 1.6 Fighting
 + Level 2.9 Crossbows
 + Level 0.3 Throwing
 * Level 0.4 Armour
 * Level 3.1 Dodging
 * Level 1.7 Spellcasting
 + Level 3.2 Hexes
 * Level 1.1 Translocations


You had 2 spell levels left.
You knew the following spells:

 Your Spells              Type           Power      Damage    Failure   Level
a - Slow                  Hex            40%        N/A       19%         1
b - Portal Projectile     Hex/Tloc       14%        N/A       63%         3

Your spell library contained the following spells:

 Spells                   Type           Power      Damage    Failure   Level
 Inner Flame              Hex/Fire       5%         N/A       71%         3
 Cause Fear               Hex            5%         N/A       88%         4


Dungeon Overview and Level Annotations

Branches:
Dungeon (3/15)

Altars:
Hepliaklqana
Yredelemnul


Innate Abilities, Weirdness & Mutations

Your life essence is reduced to manifest your ancestor. (-10% HP)
You are small and have problems with some larger weapons.
You are completely attuned to the shadows.


Message History

The gnoll hits you from afar with a +0 spear.
The gnoll hits you from afar with a +0 halberd.
The gnoll hits Nu with a +0 whip!
Shoot: a) +0 hand crossbow
Press: ? - help, Shift-Dir - straight line, f - gnoll
Aim: a gnoll, wielding a +0 whip (ally target, 64% to hit)
You shoot a bolt. Nu avoids your attack.
The bolt barely misses the gnoll.
Nu hits the gnoll but does no damage.
The gnoll hits Nu with a +0 whip.
The gnoll closely misses you.
Nu barely misses the gnoll.
Okay, then.
Okay, then.
Throw: 5 darts (poison)
Press: ? - help, Q - select action, (/) - cycle Shift-Dir - straight line, f/p - gnoll
Aim: a gnoll, wielding a +0 whip (ally target, 61% to hit)
You throw a poisoned dart. Nu avoids your attack.
The poisoned dart hits the gnoll.
The gnoll barely misses you.
The gnoll hits Nu with a +0 whip.
Nu hits the gnoll.
Shoot: a) +0 hand crossbow
Press: ? - help, Shift-Dir - straight line, f/p - gnoll
Aim: a gnoll, wielding a +0 whip (moderately wounded, ally target, 64% to hit)
You shoot a bolt. Nu avoids your attack.
The bolt barely misses the gnoll.
The gnoll hits you from afar with a +0 spear.
* * * LOW HITPOINT WARNING * * *
The gnoll hits Nu with a +0 whip!
Nu is destroyed!
The gnoll barely misses you. x2; The gnoll hits you but does no damage.
Shoot: a) +0 hand crossbow
Press: ? - help, Shift-Dir - straight line, f/p - gnoll
Aim: a gnoll, wielding a +0 whip (moderately wounded, 64% to hit)
You shoot a bolt. The bolt closely misses the gnoll.
The gnoll misses you. The gnoll closely misses you. x2
Shoot: a) +0 hand crossbow
Press: ? - help, Shift-Dir - straight line, f/p - gnoll
Aim: a gnoll, wielding a +0 whip (moderately wounded, 64% to hit)
You shoot a bolt. The bolt hits the gnoll!
The gnoll is severely wounded.
The gnoll closely misses you. The gnoll barely misses you.
The gnoll hits you with a +0 whip.
You die...

#.# ...
#.# #.#
#<# #
#@#
#.##g##
#..g(g#
......#
#####.#
..#
...#
....


You could see 3 gnolls.

Vanquished Creatures
  An adder (D:2)
  A worm (D:2)
  2 ball pythons (D:1)
  3 endoplasms
  5 goblins
  2 hobgoblins (D:1)
  3 kobolds (D:1)
  A quokka (D:1)
  3 bats
  2 frilled lizards (D:1)
  A rat (D:2)
24 creatures vanquished.

Vanquished Creatures (collateral kills)
  A worm (D:2)
  A dart slug (D:2)
  A ball python (D:2)
  2 endoplasms
  3 kobolds (D:1)
8 creatures vanquished.

Vanquished Creatures (others)
  An ancestor (D:3)
1 creature vanquished.

Grand Total: 33 creatures vanquished

Notes
Turn   | Place    | Note
-------+----------+-------------------------------------------
     0 | D:1      | lesaewzxc the Kobold Arcane Marksman began the quest for
                  | the Orb.
     0 | D:1      | Reached XP level 1. HP: 12/12 MP: 2/2
   283 | D:1      | Reached XP level 2. HP: 16/16 MP: 3/3
   410 | D:1      | Found a faded altar of an unknown god.
   418 | D:1      | Prayed at the altar of an unknown god.
   418 | D:1      | Became a worshipper of Hepliaklqana the Forgotten
   418 | D:1      | Reached * piety under Hepliaklqana
  1122 | D:1      | Reached XP level 3. HP: 15/18 MP: 5/5
  1285 | D:2      | Learned a level 3 spell: Portal Projectile
  1434 | D:2      | Reached skill level 1 in Translocations
  1487 | D:2      | Found a basalt altar of Yredelemnul.
  1516 | D:2      | Reached XP level 4. HP: 22/22 MP: 6/6
  1765 | D:3      | Slain by a gnoll

Illustrated notes

Levels and vault maps discovered:
D:1:      kilobyte_arrival_exit_the_forest, layout_loops_ring,
          chequers_ecumenical_altar_simple_redux, minmay_circled_x
D:2:      layout_loops_ring, basic_altar
D:3:      layout_loops_ring, grunt_decor_resistance, kennysheep_generic_room_11

Skill      XL: |  1  2  3 |
---------------+----------+-----
Dodging        | 3 |  3.1
Translocations | 1 |  1.1
Fighting       | |  1.6
Crossbows      | |  2.9
Throwing       | |  0.3
Armour         | |  0.4
Spellcasting   | |  1.7
Hexes          | |  3.2

Action                   |  1- 3 |  4- 6 || total
-------------------------+-------+-------++-------
 Fire: Hand crossbow     |    64 |     8 ||    72
Throw: Dart              |       |     1 ||     1
 Cast: Slow              |     1 |       ||     1
Invok: Ancestor Identity |       |     1 ||     1
  Use: Scroll            |     4 |       ||     4
       Potion            |     2 |       ||     2
Armor: Robe              |     9 |       ||     9
       Ring mail         |     2 |     1 ||     3
Dodge: Dodged            |    32 |    12 ||    44

Table legend: (Time is in decaauts)
 A = Elapsed time spent in this place.
 B = Non-inter-level travel time spent in this place.
 C = Inter-level travel time spent in this place.
 D = Time resting spent in this place.
 E = Time spent auto-exploring this place.
 F = Levels seen in this place.
 G = Mean time per level.
                   A        B        C        D        E       F      G
               +--------+--------+--------+--------+--------+-----+--------+
         Total |   1795 |   1767 |     28 |      0 |    422 |   3 |  598.3 |
       Dungeon |   1795 |   1767 |     28 |      0 |    422 |   3 |  598.3 |
               +--------+--------+--------+--------+--------+-----+--------+

Top non-repeatable levels by time:
     D:1: 1245 daAuts
     D:2: 535 daAuts
     D:3: 13 daAuts
